 Dungeon Crawl Stone Soup version 0.28-a0-724-g66f9036eb4 (webtiles) character file.

Game seed: 2163521478768744479

23099 lunkers the Thaumaturge (level 13, -8/102 HPs)
             Began as a Djinni Cinder Acolyte on Oct 26, 2021.
             Was a High Priest of Ignis.
             Mangled by a death yak (13 damage)
             ... led by a torpor snail
             ... on level 4 of the Lair of Beasts.
             The game lasted 00:34:23 (21095 turns).

lunkers the Thaumaturge (Djinni Cinder Acolyte)    Turns: 21095, Time: 00:34:23

Health: -8/102     AC: 15    Str: 16    XL:     13   Next: 32%
Gold:   788        EV:  8    Int: 27    God:    Ignis [*****.] SH:  7 Dex:  9

rFire   + + +      SeeInvis .   h - staff of poison
rCold   . . .      Faith    .   m - +0 buckler
rNeg    + . .      Spirit   .   G - +4 scale mail {rC+}
rPois   ∞          Reflect  +   l - +0 helmet
rElec   .          Harm     .   p - +1 cloak {rPois}
rCorr   .          Rampage  .   f - +1 pair of gloves {Str+3}
Will    +....                   (boots unavailable)
Stlth   ..........              I - amulet of reflection
HPRegen 0.27/turn               E - ring of positive energy
MPRegen 0.00/turn               v - +6 ring of intelligence

@: flying
A: sickness immunity, fire resistance 2, cold vulnerability 1, float, innate
caster, hp casting, extra vitality 1
a: Renounce Religion, Sea of Fire, Foxfire Swarm, Rising Flame


You were on level 4 of the Lair of Beasts.
You worshipped Ignis.
Ignis was extremely pleased with you.
You visited 2 branches of the dungeon, and saw 12 of its levels.

You collected 788 gold pieces.

Inventory:

Hand Weapons
 a - a -1 falchion of flaming
 o - a +3 quarterstaff of venom
 t - a +2 long sword of protection
Missiles
 w - 3 curare-tipped darts
 x - 8 throwing nets
Armour
 f - a +1 pair of gloves of strength (worn)
 l - a +0 helmet (worn)
 m - a +0 buckler (worn)
 p - a +1 cloak of poison resistance (worn)
 F - +0 swamp dragon scales
 G - a +4 scale mail of cold resistance (worn)
Magical Staves
 h - a staff of poison (weapon)
Jewellery
 v - a +6 ring of intelligence (right hand)
 E - a ring of positive energy (left hand)
 I - an amulet of reflection (around neck)
 L - a ring of see invisible
Wands
 b - a wand of paralysis (9)
 q - a wand of digging (7)
 z - a wand of polymorph (2)
 B - a wand of acid (7)
 D - a wand of flame (29)
 M - a wand of iceblast (9)
Scrolls
 i - 3 scrolls of magic mapping
 j - 4 scrolls of teleportation
 n - 2 scrolls of fear
 y - a scroll of blinking
 A - 2 scrolls of fog
 K - a scroll of enchant weapon {unknown}
 N - a scroll of identify
Potions
 c - a potion of degeneration {unknown}
 d - 7 potions of curing
 e - 3 potions of flight {unknown}
 g - 2 potions of lignification
 k - 4 potions of cancellation {unknown}
 r - 3 potions of attraction {unknown}
 s - a potion of resistance {unknown}
 u - 4 potions of heal wounds {unknown}
 C - 3 potions of brilliance {unknown}
 H - a potion of might {unknown}
 J - a potion of ambrosia {unknown}
 P - a potion of haste {unknown}
Miscellaneous
 O - a phial of floods


   Skills:
 + Level 12.8 Fighting
 - Level 2.6 Long Blades
 * Level 13.8 Spellcasting


You had 18 spell levels left.
You knew the following spells:

 Your Spells              Type           Power      Damage    Failure   Level
a - Beastly Appendage     Tmut           100%       N/A       1%          1
b - Wereblood             Tmut           75%        N/A       1%          2
c - Confusing Touch       Hex            75%        N/A       1%          3
d - Summon Ice Beast      Ice/Summ       75%        N/A       1%          4
e - Animate Armour        Summ/Erth      100%       N/A       1%          4
f - Lee's Rapid Deconstr  Erth           37%        3d20*     1%          5
p - Scorch                Fire           100%       2d10      1%          2
Your spell library was empty.

Dungeon Overview and Level Annotations

Branches:
Dungeon (8/15)             Temple (0/1) D:6            Lair (4/6) D:8
 Shoals (0/4) Lair:2        Snake (0/4) Lair:4

Altars:
Cheibriados
Elyvilon
Makhleb
Okawaru
Sif Muna
Xom
Yredelemnul

Shops:
D:2 [

Annotations:
D:3 2 runed translucent doors
D:8 1 runed translucent door


Innate Abilities, Weirdness & Mutations

You are immune to sickness and miasma.
You are immune to poison.
Your flesh is very heat resistant. (rF++)
You are vulnerable to cold. (rC-)
You float through the air rather than walking.
You learn spells naturally, not from books.
Your magical power is your life essence.
You have superior vitality. (+4 HP)


Message History

Press: ? - help, Q - select action, (/) - cycle Dir - look around, f - activate Flames lash the death yak.
The death yak is burned terribly!
The death yak is almost dead.
* * * LOW HITPOINT WARNING * * *
Unknown command.
Casting: Scorch (safe; 1% risk of failure)
Press: ? - help, Q - select action, (/) - cycle Dir - look around, f - activate Flames lash the death yak.
The death yak is burned terribly!
The death yak is almost dead.
* * * LOW HITPOINT WARNING * * *
Unknown command.
Casting: Scorch (safe; 1% risk of failure)
Press: ? - help, Q - select action, (/) - cycle Dir - look around, f - activate Nothing appears to happen.
* * * LOW HITPOINT WARNING * * *
The death yak is no longer more vulnerable to fire.
There is a stone staircase leading down here.
The death yak completely misses the plant.
Casting: Scorch (safe; 1% risk of failure)
Press: ? - help, Q - select action, (/) - cycle Dir - look around, f - activate Flames lash the death yak but do no damage.
* * * LOW HITPOINT WARNING * * *
There is a stone staircase leading down here.
Casting: Scorch (safe; 1% risk of failure)
Press: ? - help, Q - select action, (/) - cycle Dir - look around, f - activate Flames lash the death yak.
The death yak is almost dead.
The death yak's fire resistance burns away.
* * * LOW HITPOINT WARNING * * *
Unknown command.
Casting: Scorch (safe; 1% risk of failure)
Press: ? - help, Q - select action, (/) - cycle Dir - look around, f - activate Flames lash the death yak.
The death yak is burned terribly!
The death yak is almost dead.
* * * LOW HITPOINT WARNING * * *
Unknown command.
Unknown command.
The death yak is no longer more vulnerable to fire.
The death yak gores you!
You die...

##....##...≈≈≈≈≈§§§≈≈§§§§
#...####..≈≈≈≈≈§≈§...§≈§
#..>.###.≈≈§≈≈≈...##..§≈
#...##...≈≈≈≈≈≈..####..§
##...###..≈≈≈≈≈..#....#..
#.....#..≈≈≈≈≈≈.##.}}(##.
#........≈≈≈≈≈≈.##)">.##§
#P......†.§≈≈≈≈..#.)..#.§
#......Y@.§≈≈≈≈§.§####..≈
##........≈§§≈§≈...##...≈
#......#..§≈§≈§≈≈..§§≈§§
#...###...§§≈§≈§§§≈≈≈§§§
#...####...§≈≈≈≈≈≈≈§≈§≈≈
#...P# #....≈≈≈§≈≈≈§§≈≈§
#....# P.....≈≈≈§§≈§§§§≈
##....####......§§≈≈§§§§§
#....#.# .......§.≈§§...


You could see a death yak.

Vanquished Creatures
  2 hydras (Lair:2)
  Harold (D:8)
  A death yak (Lair:4)
  Sonja (Lair:2)
  A lindwurm (Lair:4)
  Pikel (D:8)
  An oklob plant (Lair:3)
  A cyclops (D:6)
  2 black mambas (Lair:2)
  Maggie (D:7)
  5 cane toads
  A rime drake (Lair:2)
  3 komodo dragons (Lair:1)
  2 polar bears
  14 blink frogs
  3 dream sheep (Lair:3)
  4 wyverns
  4 basilisks
  9 yaks (Lair:4)
  A steam dragon (D:8)
  2 nagas (Lair:4)
  8 water moccasins
  An ice beast (D:6)
  A hornet zombie (D:7)
  A necrophage (D:5)
  A centaur (D:6)
  2 ogres
  A lemure (D:8)
  A phantom (D:5)
  14 bullfrogs
  A gnoll sergeant (D:4)
  A water moccasin zombie (D:6)
  3 scorpions
  A wyvern skeleton (D:7)
  A water moccasin skeleton (D:6)
  5 killer bees (D:5)
  2 vampire bats (Lair:4)
  5 wights (D:6)
  2 howler monkeys (D:8)
  An electric eel (Lair:3)
  2 bullfrog zombies
  3 centaur zombies
  An orc priest (D:5)
  3 hounds
  2 centaur skeletons (D:6)
  A jelly (D:4)
  Crazy Yiuf (D:2)
  4 iguanas
  Terence (D:3)
  Natasha (thrice) (D:3)
  Robin (D:2)
  7 adders
  10 gnolls
  2 howler monkey skeletons
  3 white imps (D:6)
  An ufetubus (D:5)
  An adder skeleton (D:4)
  An adder zombie (D:3)
  3 worms
  2 dart slugs (D:3)
  21 orcs
  6 endoplasms
  2 giant cockroaches
  12 goblins
  10 hobgoblins
  A quokka (D:2)
  4 ball pythons
  A ball python zombie (D:3)
  12 bats
  6 frilled lizards
  8 kobolds
  A butterfly (Lair:3)
248 creatures vanquished.

Vanquished Creatures (collateral kills)
  3 lindwurms (Lair:4)
  A black mamba (Lair:1)
  2 cane toads (Lair:1)
  4 komodo dragons
  4 dream sheep
  A wyvern (D:8)
  2 nagas (Lair:4)
  A water moccasin (Lair:4)
  A black bear (D:6)
  A kobold brigand (D:8)
  3 bullfrogs
  A howler monkey (D:8)
  2 hounds (D:6)
  A bullfrog skeleton (D:6)
  A jelly (D:6)
  An iguana (D:7)
  A gnoll (D:8)
30 creatures vanquished.

Vanquished Creatures (others)
  31 fungi
  24 plants
55 creatures vanquished.

Grand Total: 333 creatures vanquished

Notes
Turn   | Place    | Note
-------+----------+-------------------------------------------
     0 | D:1      | lunkers the Djinni Cinder Acolyte began the quest for the
                  | Orb.
     0 | D:1      | Reached XP level 1. HP: 20/20 MP: 0/0
   156 | D:1      | Reached XP level 2. HP: 5/25 MP: 0/0
  1160 | D:1      | Reached XP level 3. HP: 27/30 MP: 0/0
  1160 | D:1      | Learned a level 1 spell: Beastly Appendage
  1380 | D:1      | Reached skill level 3 in Spellcasting
  1664 | D:2      | Found Tiamuig's Antique Armour Shop.
  1798 | D:2      | Found a runed translucent door.
  1799 | D:2      | Noticed Crazy Yiuf
  1984 | D:2      | Noticed Robin
  2209 | D:2      | Killed Robin
  2210 | D:2      | Reached XP level 4. HP: 21/35 MP: 0/0
  2624 | D:2      | Found a faded altar of an unknown god.
  2953 | D:2      | Killed Crazy Yiuf
  3760 | D:3      | Reached XP level 5. HP: 38/41 MP: 0/0
  3760 | D:3      | Learned a level 2 spell: Wereblood
  3873 | D:3      | Noticed Terence
  3882 | D:3      | Killed Terence
  4007 | D:3      | Found a basalt altar of Yredelemnul.
  4040 | D:3      | Noticed Natasha
  4051 | D:3      | Killed Natasha
  4052 | D:3      | Reached skill level 4 in Spellcasting
  4181 | D:3      | Found an iron altar of Okawaru.
  4257 | D:3      | Noticed Natasha
  4260 | D:3      | Killed Natasha
  4261 | D:3      | Reached XP level 6. HP: 37/47 MP: 0/0
  4461 | D:3      | Found a large runed translucent door.
  4461 | D:3      | Found a large runed translucent door.
  4498 | D:3      | Noticed an ogre
  4512 | D:3      | Killed an ogre
  4685 | D:3      | Found a snail-covered altar of Cheibriados.
  4853 | D:3      | Noticed Natasha
  4857 | D:3      | Killed Natasha
  5060 | D:4      | Reached XP level 7. HP: 46/53 MP: 0/0
  5060 | D:4      | Learned a level 3 spell: Confusing Touch
  5239 | D:4      | Reached skill level 5 in Spellcasting
  5562 | D:4      | Noticed a wyvern
  5573 | D:4      | Killed a wyvern
  5574 | D:4      | Reached skill level 5 in Fighting
  6326 | D:5      | Entered Level 5 of the Dungeon
  6368 | D:5      | Reached XP level 8. HP: 53/60 MP: 0/0
  6506 | D:5      | Reached skill level 6 in Spellcasting
  7659 | D:5      | Reached skill level 7 in Spellcasting
  7659 | D:5      | Reached XP level 9. HP: 60/67 MP: 0/0
  7659 | D:5      | Learned a level 4 spell: Summon Ice Beast
  7702 | D:5      | Found a shimmering altar of Xom.
  7702 | D:5      | Found a shimmering altar of Xom.
  7702 | D:5      | Found a shimmering altar of Xom.
  7703 | D:5      | Found a shimmering altar of Xom.
  7703 | D:5      | Found a shimmering altar of Xom.
  7703 | D:5      | Found a shimmering altar of Xom.
  7707 | D:5      | Found a shimmering altar of Xom.
  7973 | D:6      | Found a staircase to the Ecumenical Temple.
  8720 | D:6      | Noticed a cyclops
  8735 | D:6      | Killed a cyclops
  8736 | D:6      | Reached skill level 8 in Spellcasting
  9960 | D:6      | Reached XP level 10. HP: 64/76 MP: 0/0
 10421 | D:6      | Identified a scroll of acquirement
 10421 | D:6      | Acquired a +1 pair of gloves of strength
 10763 | D:7      | Reached skill level 9 in Spellcasting
 10881 | D:7      | Noticed a komodo dragon
 10891 | D:7      | Killed a komodo dragon
 11480 | D:7      | Noticed Maggie
 11488 | D:7      | Killed Maggie
 11862 | D:8      | Found a runed translucent door.
 11865 | D:8      | Found a burning altar of Makhleb.
 11865 | D:8      | Noticed a sixfirhy
 11965 | D:8      | Noticed Harold
 11978 | D:8      | Killed Harold
 11979 | D:8      | Reached skill level 10 in Spellcasting
 12400 | D:8      | Found a white marble altar of Elyvilon.
 12582 | D:8      | Noticed Pikel
 12614 | D:8      | Killed Pikel
 12615 | D:8      | Reached XP level 11. HP: 45/84 MP: 0/0
 12615 | D:8      | Learned a level 4 spell: Animate Armour
 13182 | D:8      | Found a staircase to the Lair.
 13311 | Lair:1   | Entered Level 1 of the Lair of Beasts
 13315 | Lair:1   | Reached skill level 10 in Fighting
 13599 | Lair:1   | Reached skill level 11 in Spellcasting
 14903 | Lair:2   | Noticed a six-headed hydra
 14909 | Lair:2   | Killed a six-headed hydra
 15417 | Lair:2   | Reached XP level 12. HP: 36/94 MP: 0/0
 15826 | Lair:2   | Noticed a four-headed hydra
 15836 | Lair:2   | Killed a four-headed hydra
 15837 | Lair:2   | Reached skill level 12 in Spellcasting
 16454 | Lair:2   | Found a staircase to the Shoals.
 16480 | Lair:2   | Noticed Sonja
 16487 | Lair:2   | Killed Sonja
 19560 | Lair:4   | Reached skill level 13 in Spellcasting
 19779 | Lair:4   | Found a staircase to the Snake Pit.
 20147 | Lair:4   | Reached XP level 13. HP: 73/102 MP: 0/0
 20147 | Lair:4   | Learned a level 5 spell: Lee's Rapid Deconstruction
 21095 | Lair:4   | Mangled by a death yak

Illustrated notes

Levels and vault maps discovered:
D:1:      lightli_iron_boxes, layout_loops_ring, lemuel_old_faithful
D:2:      layout_loops_cross, serial_shops, nicolae_shop_crystal,
          ebering_ecumenical_altar_hall, corexii_item_surrounded_by_moat,
          uniq_crazy_yiuf_cottage, uniq_robin
D:3:      layout_basic, lemuel_blue_sif_altar, lemuel_zombie_altar_yredelemnul,
          okawaru_trees_2, marbit_many_paths, jmf_multi_god_temple2,
          uniq_natasha, uniq_terence
D:4:      layout_loops_corners
D:5:      layout_loops_ring, xom_redecorated
D:6:      minmay_chambers_of_fours, layout_layer_cave,
          minmay_temple_entry_overgrown, sigmund_army
D:7:      layout_loops_cross, corexii_item_surrounded_by_moat,
          minmay_lizard_king, uniq_maggie
D:8:      layout_basic, lemuel_doored_altar, nzn_makhleb_speed_demon,
          erik_lair_dragon, uniq_pikel, uniq_harold
Lair:1:   layout_cave_pods, grunt_megastairs_1, infiniplex_staircase_pool_2
Lair:2:   layout_layer_cave, elwin_shoals_entry_rocks, serial_bayou_shore_b,
          grunt_megastairs_5, uniq_sonja
Lair:3:   layout_small_grid, patterned_corridor, infiniplex_staircase_pool,
          lemuel_fruit_fields
Lair:4:   layout_long_grid, minmay_snake_entry_guardpost_small, roderic_batcave,
          minmay_lindwurm_lava

Skill      XL: |  1  2  3  4  5  6  7  8  9 10 11 12 |
---------------+-------------------------------------+-----
Spellcasting   | 3 4 5 7 8 10 11 13 | 13.8
Fighting       | 4 5 6 8 9 11 12 | 12.8
Long Blades    | |  2.6

Action                   |  1- 3 |  4- 6 |  7- 9 | 10-12 | 13-15 || total
-------------------------+-------+-------+-------+-------+-------++-------
Melee: Falchion          |    30 |       |       |       |       ||    30
       Quarterstaff      |       |     7 |     2 |       |       ||     9
       Staff             |       |       |       |     9 |     9 ||    18
 Cast: Scorch            |    40 |    63 |   167 |   343 |    74 ||   687
       Summon Ice Beast  |       |       |    10 |    17 |     4 ||    31
       Animate Armour    |       |       |       |     2 |     1 ||     3
       Lee's Rapid Decon |       |       |       |       |     4 ||     4
Evoke: Wand              |       |       |       |     2 |       ||     2
  Use: Scroll            |       |       |       |    15 |       ||    15
 Stab: Distracted        |       |       |       |       |     1 ||     1
Armor: Robe              |    10 |     4 |    15 |     6 |       ||    35
       Scale mail        |       |       |       |    87 |    23 ||   110
       Swamp dragon scal |       |       |       |     3 |       ||     3
Dodge: Dodged            |    28 |    12 |    38 |    83 |    12 ||   173
Block: Other             |       |       |       |     8 |       ||     8
       Buckler           |       |       |       |    55 |    14 ||    69
       Reflection        |       |       |       |     3 |       ||     3

Table legend: (Time is in decaauts)
 A = Elapsed time spent in this place.
 B = Non-inter-level travel time spent in this place.
 C = Inter-level travel time spent in this place.
 D = Time resting spent in this place.
 E = Time spent auto-exploring this place.
 F = Levels seen in this place.
 G = Mean time per level.
                   A        B        C        D        E       F      G
               +--------+--------+--------+--------+--------+-----+--------+
         Total |  21113 |  20592 |    521 |   2537 |  15767 |  12 | 1759.4 |
       Dungeon |  13322 |  12889 |    433 |    975 |  10467 |   8 | 1665.2 |
          Lair |   7790 |   7702 |     88 |   1562 |   5300 |   4 | 1947.5 |
               +--------+--------+--------+--------+--------+-----+--------+

Top non-repeatable levels by time:
     D:6: 2585 daAuts
  Lair:3: 2400 daAuts
  Lair:2: 2211 daAuts
     D:1: 1773 daAuts
     D:4: 1727 daAuts
     D:3: 1600 daAuts
  Lair:1: 1591 daAuts
  Lair:4: 1587 daAuts
     D:2: 1580 daAuts
     D:8: 1497 daAuts
     D:7: 1320 daAuts
     D:5: 1236 daAuts
